 Dungeon Crawl Stone Soup version 0.28.0-43-g3370ac3207 (webtiles) character file.

Game seed: 9584144196960383010

254 croobank the Sneak (level 6, -7/36 HPs)
             Began as an Octopode Fire Elementalist on Mar 1, 2022.
             Mangled by an ogre
             ... wielding a +0 giant club
              (29 damage)
             ... on level 4 of the Dungeon.
             The game lasted 00:11:30 (3827 turns).

croobank the Sneak (Octopode Fire Elementalist)     Turns: 3827, Time: 00:11:31

Health: -7/36      AC:  3    Str:  8    XL:     6   Next: 15%
Magic:  4/19       EV: 13    Int: 28    God:
Gold:   137        SH:  0    Dex: 12    Spells: 8/11 levels left

rFire   . . .      SeeInvis .   l - +2 dagger (protect)
rCold   + . .      Faith    .   (no shield)
rNeg    . . .      Spirit   .   f - +2 hat "Cufaunun" {rC+ Will- MP+9 Int+9}
rPois   .          Reflect  .   (no amulet)
rElec   .          Harm     .   (no ring)
rCorr   .          Rampage  .   (no ring)
Will    .....                   (no ring)
Stlth   ++++......              (no ring)
HPRegen 0.12/turn               (no ring)
MPRegen 0.16/turn               (no ring)
                                (no ring)
                                (no ring)

@: very slightly contaminated
A: almost no armour, amphibious, 8 rings, camouflage 1, gelatinous body 1,
(nimble swimmer 1), tentacles
a: no special abilities


You were on level 4 of the Dungeon.
You visited 1 branch of the dungeon, and saw 4 of its levels.

You collected 137 gold pieces.

Inventory:

Hand Weapons
 a - a +0 flail of protection
 b - a +0 hunting sling
 h - a +0 morningstar
 k - a +3 dagger of venom
 l - a +2 dagger of protection (weapon)
 o - a +1 flail of draining
Missiles
 c - 69 stones
 e - 17 bolts
 m - 2 poisoned darts
Armour
 f - the +2 hat "Cufaunun" (worn) {rC+ Will- MP+9 Int+9}
   (You acquired it on level 2 of the Dungeon)

   Int:       It affects your intelligence (+9).
   rC:        It protects you from cold.
   MP:        It affects your magic capacity (+9).
   Will:      It decreases your willpower.
Potions
 d - a potion of brilliance {unknown}
 g - a potion of cancellation {unknown}
 i - 2 potions of curing
 j - a potion of ambrosia {unknown}
 n - a potion of flight {unknown}


   Skills:
 + Level 3.2 Dodging
 + Level 4.6 Stealth
 + Level 3.0 Spellcasting
 + Level 2.7 Conjurations
 + Level 4.0 Fire Magic


You had 8 spell levels left.
You knew the following spells:

 Your Spells              Type           Power      Damage    Failure   Level
a - Foxfire               Conj/Fire      92%        2x1d8     1%          1
b - Scorch                Fire           52%        2d8       2%          2

Your spell library contained the following spells:

 Spells                   Type           Power      Damage    Failure   Level
 Conjure Flame            Conj/Fire      23%        6-21      6%          3
 Slow                     Hex            16%        N/A       9%          1
 Inner Flame              Hex/Fire       15%        N/A       11%         3
 Flame Wave               Conj/Fire      23%        2d7       21%         4
 Confusing Touch          Hex            4%         N/A       24%         3
 Vampiric Draining        Necr           4%         2d6       24%         3


Dungeon Overview and Level Annotations

Branches:
Dungeon (4/15)
 Temple: D:4-7

Altars:
Qazlal


Innate Abilities, Weirdness & Mutations

You cannot wear most types of armour.
You are amphibious.
You can wear up to eight rings at the same time.
Your skin changes colour to match your surroundings (Stealth+).
Your rubbery body absorbs attacks. (AC +1, EV +1)
((You are camouflaged when in or above water. (Stealth+)))
You have tentacles for arms and can constrict up to eight enemies at once.


Message History

You kill the ball python!
The gnoll hits you with a +0 whip.
Casting: Scorch (safe; 2% risk of failure)
Confirm with . or Enter, or press ? or * to list all spells.
You miscast Scorch.
You are very lightly contaminated with residual magic.
Nothing appears to happen.
The gnoll closely misses you.
Casting: Scorch (safe; 2% risk of failure)
Confirm with . or Enter, or press ? or * to list all spells.
Flames lash the gnoll.
The gnoll is heavily wounded.
The gnoll's fire resistance burns away.
The gnoll hits you with a +0 whip.
Casting: Scorch (safe; 2% risk of failure)
Confirm with . or Enter, or press ? or * to list all spells.
Flames lash the gnoll.
The gnoll is burned terribly!
You kill the gnoll!
An ogre comes into view. It is wielding a +0 giant club.
Things that are here:
a +0 whip; a +0 ring mail; a gnoll corpse
Casting: Scorch (safe; 2% risk of failure)
Confirm with . or Enter, or press ? or * to list all spells.
You conjure some foxfire!
The foxfire hits the ogre.
The ogre is lightly wounded.
Casting: Foxfire (safe; 1% risk of failure)
Confirm with . or Enter, or press ? or * to list all spells.
You miscast Scorch.
Nothing appears to happen.
Casting: Scorch (safe; 2% risk of failure)
Confirm with . or Enter, or press ? or * to list all spells.
Flames lash the ogre.
The ogre is moderately wounded.
The ogre's fire resistance burns away.
Your foxfire dissipates!
Casting: Scorch (safe; 2% risk of failure)
Confirm with . or Enter, or press ? or * to list all spells.
Flames lash the ogre.
The ogre is burned terribly!
The ogre is heavily wounded.
The ogre hits you with a +0 giant club!!
Ouch! That really hurt!
You die...

...#... ###...#... .....
#......... ......#.........
......#.#.......
......#.#.......
......#......... ........@O#
.###........ยง<# ###
#.....####....#........ ...
#.....##......#........
...##.............#.#....#
........###.#....#.#....# #
#.......###.#.#+##.#....##.#
+...........................
#....##...........).........


You could see an ogre (combustible).

Vanquished Creatures
  Terence (D:3)
  12 gnolls
  3 adders (D:3)
  A worm (D:3)
  2 dart slugs (D:3)
  3 orcs (D:3)
  4 bats
  3 endoplasms (D:1)
  4 giant cockroaches
  7 goblins
  7 hobgoblins
  4 jackals (D:2)
  2 quokkas
  6 ball pythons
  2 frilled lizards (D:1)
  13 kobolds
  4 rats
78 creatures vanquished.

Vanquished Creatures (others)
  89 foxfires
89 creatures vanquished.

Grand Total: 167 creatures vanquished

Notes
Turn   | Place    | Note
-------+----------+-------------------------------------------
     0 | D:1      | croobank the Octopode Fire Elementalist began the quest for
                  | the Orb.
     0 | D:1      | Reached XP level 1. HP: 11/11 MP: 3/3
   131 | D:1      | Found a faded altar of an unknown god.
   339 | D:1      | Reached XP level 2. HP: 15/17 MP: 5/5
   342 | D:1      | Learned a level 2 spell: Scorch
  1358 | D:1      | Reached XP level 3. HP: 21/21 MP: 4/6
  1533 | D:2      | Identified a scroll of acquirement
  1533 | D:2      | Acquired the +2 hat "Cufaunun" {rC+ Will- MP+9 Int+9}
  2187 | D:3      | Reached XP level 4. HP: 27/27 MP: 7/7
  2567 | D:3      | Noticed Terence
  2568 | D:3      | Reached XP level 5. HP: 31/31 MP: 9/9
  2587 | D:3      | Killed Terence
  3281 | D:3      | Found a stormy altar of Qazlal.
  3575 | D:4      | Reached XP level 6. HP: 12/36 MP: 4/10
  3827 | D:4      | Mangled by an ogre

Illustrated notes

Levels and vault maps discovered:
D:1:      minmay_arrival_loop, layout_basic,
          shapermc_ecumenical_altar_mp_highgroup
D:2:      layout_rooms, chequers_arboretum, chequers_serial_rivers_small_3,
          chequers_serial_rivers_micro_a, minmay_misc_feat_room
D:3:      minmay_recursive_quarters, layout_loops_ring,
          mainiacjoe_overflow_alcove_1, minivault_14, serial_bayou_pond_b,
          minmay_close_crescents, uniq_terence
D:4:      layout_basic, minmay_temple_entry_ruins

Skill      XL: |  1  2  3  4  5  6 |
---------------+-------------------+-----
Stealth        | 3 4 |  4.6
Conjurations   | 2 |  2.7
Dodging        | 3 |  3.2
Spellcasting   | 3 |  3.0
Fire Magic     | 4 |  4.0

Action                   |  1- 3 |  4- 6 || total
-------------------------+-------+-------++-------
Melee: Flail             |    21 |     1 ||    22
       Constrict         |     3 |     1 ||     4
       Tentacles         |     1 |     5 ||     6
       Dagger            |       |    13 ||    13
 Cast: Foxfire           |    29 |    28 ||    57
       Scorch            |    10 |    37 ||    47
  Use: Scroll            |     6 |     1 ||     7
 Stab: Sleeping          |     2 |       ||     2
Armor: Skin              |     5 |     5 ||    10
Dodge: Dodged            |     7 |    45 ||    52
